 Dungeon Crawl Stone Soup version 0.25.1-9-gc5326a611f (webtiles) character file.

Game seed: 4387619969691494208

6150 Johnny the Carver (level 10, -4/104 HPs)
             Began as a Troll Berserker on Mar 19, 2021.
             Was a High Priest of Trog.
             Slain by a sun demon (17 damage)
             ... summoned by an orc high priest
             ... in a bailey.
             The game lasted 00:10:44 (8354 turns).

Johnny the Carver (Troll Berserker)                 Turns: 8354, Time: 00:10:45

Health: -4/104     AC:  9    Str: 36    XL:     10   Next: 59%
Magic:  9/9        EV: 10    Int:  5    God:    Trog [*****.]
Gold:   581        SH:  0    Dex:  9    Spells: 9/9 levels left

rFire    . . .     SeeInvis +   a - +0 falchion
rCold    + . .     Gourm    +   (no shield)
rNeg     . . .     Faith    .   j - +0 robe (curse)
rPois    .         Spirit   .   n - +2 hat
rElec    .         Reflect  .   B - +0 cloak
rCorr    .         Harm     .   (gloves unavailable)
MR       ++...                  (boots unavailable)
Stlth    +.........             O - amulet "Deocyod" {Regen+ Int+2 SInv}
HPRegen  2.07/turn              I - ring of protection from cold
MPRegen  0.11/turn              H - +6 ring of strength

@: confused, about to teleport, berserk cooldown, regenerating, slowed, very
slow
A: large, unfitting armour, claws 3, fast metabolism 3, gourmand, regeneration
1, shaggy fur 1, tough skin 3
a: Berserk, Trog's Hand, Brothers in Arms, Renounce Religion


You were in a bailey.
You worshipped Trog.
Trog was extremely pleased with you.
You were very full.

You visited 1 branch of the dungeon, and saw 9 of its levels.
You also visited: Bailey.

You collected 641 gold pieces.
You spent 60 gold pieces at shops.

Inventory:

Hand Weapons
 a - a +0 falchion (weapon)
Armour
 b - a +0 animal skin
 j - a cursed +0 robe (worn)
 n - a +2 hat (worn)
 B - a +0 cloak (worn)
Jewellery
 o - an uncursed ring of stealth
 q - an uncursed ring of flight
 t - an uncursed ring of positive energy
 G - an uncursed ring of positive energy
 H - a +6 ring of strength (right claw)
 I - a ring of protection from cold (left claw)
 K - an uncursed amulet of magic regeneration {unknown}
 O - the amulet "Deocyod" (around neck) {Regen+ Int+2 SInv}
   (You found it on level 9 of the Dungeon)

   [amulet of regeneration]

   It affects your intelligence (+2).
   It lets you see invisible.
   It increases your rate of regeneration.
Wands
 f - a wand of flame (6)
 w - a wand of random effects (31)
 y - a wand of polymorph (6)
 z - a wand of clouds (4)
 D - a wand of paralysis (4)
Scrolls
 d - 2 scrolls of fog
 e - a scroll of immolation
 g - a scroll of enchant armour
 h - 10 scrolls of remove curse
 l - a scroll of amnesia {unknown}
 r - 11 scrolls of teleportation
 u - 2 scrolls of fear {unknown}
 A - 3 scrolls of random uselessness
 F - a scroll of blinking {unknown}
 J - a scroll of enchant weapon {unknown}
 M - a scroll of holy word {unknown}
Potions
 i - 2 potions of degeneration
 m - 2 potions of brilliance
 p - a potion of flight
 s - a potion of mutation {unknown}
 x - a potion of heal wounds {unknown}
 C - 2 potions of haste
 E - 2 potions of curing
 L - a potion of cancellation {unknown}
Comestibles
 c - 17 rations
 k - 2 chunks of flesh


   Skills:
 + Level 8.2 Fighting
 * Level 11.2 Long Blades
 - Level 2.4 Dodging


You had 9 spell levels left.
You didn't know any spells.
Your spell library contained the following spells:

 Spells                   Type           Power        Failure   Level  Hunger
 Apportation              Tloc           #.....       47%         1    ##.....
 Summon Butterflies       Summ           #.......     47%         1    ##.....
 Lesser Beckoning         Tloc           #.........   85%         3    ####...
 Tukima's Dance           Hex            #.......     85%         3    ####...
 Alistair's Intoxication  Tmut/Pois      #.......     100%        5    ######.
 Invisibility             Hex            #.......     100%        6    #######


Dungeon Overview and Level Annotations

Branches:
Dungeon (9/15)             Temple (0/1) D:6          Bailey (1/1)
   Lair: D:8-11         Orc: D:9-12

Altars:
Dithmenos
Fedhas
Gozag
Kikubaaqudgha
Makhleb
Okawaru
Qazlal
Sif Muna
Trog
Vehumet
Wu Jian
Xom
Zin

Shops:
D:7 *

Annotations:
D:6 3 runed translucent doors, Thomus's ghost, novice DECj


Innate Abilities, Weirdness & Mutations

You are too large for most types of armour.
You have claws for hands.
Your metabolism is lightning-fast.
You like to eat raw meat.
Your natural rate of healing is unusually fast.
You are covered in fur. (AC +1)
You have extremely tough skin. (AC +3)


Message History

You are no longer berserk.
You are exhausted.
You feel yourself slow down. The sixfirhy hits you.
* * * LOW HITPOINT WARNING * * *
The sixfirhy shocks you!
* * * LOW HITPOINT WARNING * * *
Unknown command.
As you read the scroll of teleportation, it crumbles to dust.
You feel strangely unstable.
Unknown command.
Unknown command.
You are confused.
You feel invigorated. The sixfirhy hits you.
* * * LOW HITPOINT WARNING * * *
The sixfirhy shocks you!
* * * LOW HITPOINT WARNING * * *
The sun demon hits you.
* * * LOW HITPOINT WARNING * * *
You are engulfed in flames!
You die...

≈≈≈≈≈≈≈≈≈≈...≈≈≈≈≈≈≈≈≈≈
######≈≈≈≈...≈≈≈≈######
#...........#
#####')'#####
#..')))..+ #..'.....+
####..#..⌠..#
#.....#.....#
#.8.3@#.....#
#...3.#######
#.8.########
#.4o.g......
#.8.)3g.....
+...g...._..
##+#........ #########
%..


You could see an orc high priest, a sun demon (summoned), an ice devil
(summoned) and a sixfirhy (summoned).

Vanquished Creatures
  The ghost of OneTabMan the Protected, a novice GrFi of the Shining One (D:7)
  A kobold demonologist (Bailey)
  A queen bee (D:7)
  A troll (D:9)
  2 wyverns
  3 yaks (D:9)
  Edmund (D:4)
  6 orc warriors
  2 ice beasts
  A sky beast (D:8)
  A phantom (D:6)
  5 ogres
  2 necrophages
  4 centaurs
  A crocodile (D:8)
  3 bullfrogs
  A gnoll sergeant (D:9)
  A wyvern zombie (D:7)
  A scorpion (D:5)
  9 killer bees (D:7)
  3 crimson imps
  2 centaur zombies
  2 jellies (D:7)
  Crazy Yiuf (D:5)
  A hound (D:6)
  3 orc priests
  6 orc wizards
  A bullfrog skeleton (D:7)
  An iguana (D:4)
  Natasha (thrice) (D:4)
  5 worker ants
  A killer bee zombie (D:6)
  A worker ant zombie (D:9)
  10 gnolls
  6 adders
  2 shadow imps
  An ooze (D:2)
  An adder zombie (D:6)
  2 adder skeletons
  3 worms
  2 dart slugs
  6 leopard geckos
  26 orcs
  3 ball pythons
  10 bats
  5 giant cockroaches
  10 goblins
  6 hobgoblins
  13 jackals
  A quokka (D:3)
  4 frilled lizards
  A jackal zombie (D:6)
  10 kobolds
  A quokka zombie (D:8)
  4 rats
204 creatures vanquished.

Vanquished Creatures (others)
  A rat (D:1)
1 creature vanquished.

Grand Total: 205 creatures vanquished

Notes
Turn   | Place    | Note
-------+----------+-------------------------------------------
     0 | D:1      | Johnny the Troll Berserker began the quest for the Orb.
     0 | D:1      | Reached XP level 1. HP: 22/22 MP: 0/0
    47 | D:1      | Reached XP level 2. HP: 29/29 MP: 1/1
   146 | D:1      | Reached skill level 3 in Long Blades
   283 | D:1      | Reached ** piety under Trog
   591 | D:2      | Reached XP level 3. HP: 36/36 MP: 2/2
  1184 | D:2      | Reached XP level 4. HP: 41/45 MP: 3/3
  1220 | D:2      | Found a blossoming altar of Fedhas.
  1221 | D:2      | Found an ancient bone altar of Kikubaaqudgha.
  1864 | D:3      | Found an iron altar of Okawaru.
  1994 | D:3      | Found a shadowy altar of Dithmenos.
  1995 | D:3      | Found a bloodstained altar of Trog.
  1995 | D:3      | Found an opulent altar of Gozag.
  1999 | D:3      | Found an ornate altar of the Wu Jian Council.
  2266 | D:4      | Reached skill level 4 in Long Blades
  2275 | D:4      | Reached *** piety under Trog
  2310 | D:4      | Found a glowing silver altar of Zin.
  2356 | D:4      | Reached XP level 5. HP: 53/53 MP: 4/4
  2597 | D:4      | Reached XP level 6. HP: 62/62 MP: 5/5
  2648 | D:4      | Noticed Edmund
  2650 | D:4      | Noticed Natasha
  2658 | D:4      | Killed Edmund
  2658 | D:4      | Reached skill level 5 in Long Blades
  2668 | D:4      | Killed Natasha
  2891 | D:4      | Found a stormy altar of Qazlal.
  2938 | D:4      | Noticed Natasha
  2946 | D:4      | Killed Natasha
  3016 | D:4      | Noticed Natasha
  3030 | D:4      | Killed Natasha
  3055 | D:4      | Found a radiant altar of Vehumet.
  3055 | D:4      | Found a burning altar of Makhleb.
  3276 | D:5      | Entered Level 5 of the Dungeon
  3281 | D:5      | Reached XP level 7. HP: 57/70 MP: 6/6
  3518 | D:5      | Reached skill level 6 in Long Blades
  3876 | D:5      | Found a runed translucent door.
  3877 | D:5      | Noticed Crazy Yiuf
  4283 | D:5      | Killed Crazy Yiuf
  4417 | D:6      | Reached skill level 5 in Fighting
  4417 | D:6      | Reached XP level 8. HP: 80/80 MP: 7/7
  4533 | D:6      | Found a staircase to the Ecumenical Temple.
  4558 | D:6      | Reached skill level 7 in Long Blades
  4662 | D:5      | Reached **** piety under Trog
  5171 | D:6      | Found a runed translucent gate.
  5171 | D:6      | Found a runed translucent gate.
  5172 | D:6      | Found a runed translucent gate.
  5174 | D:6      | Noticed Thomus's ghost (novice DECj)
  5534 | D:7      | Reached skill level 8 in Long Blades
  5745 | D:7      | Reached XP level 9. HP: 86/89 MP: 8/8
  5983 | D:7      | Found Raipn's General Store.
  5987 | D:7      | Bought a scroll of identify for 30 gold pieces
  5987 | D:7      | Bought a scroll of identify for 30 gold pieces
  6125 | D:7      | Found a shimmering blue altar of Sif Muna.
  6180 | D:7      | Found a transporter.
  6180 | D:7      | Noticed OneTabMan's ghost (novice GrFi)
  6184 | D:7      | Found a transporter.
  6207 | D:7      | Noticed a queen bee
  6244 | D:7      | Reached skill level 9 in Long Blades
  6280 | D:7      | Killed OneTabMan's ghost
  6326 | D:7      | Killed a queen bee
  6610 | D:8      | Reached skill level 10 in Long Blades
  6978 | D:8      | Reached XP level 10. HP: 102/102 MP: 9/9
  7174 | D:8      | Found a shimmering blue altar of Sif Muna.
  7360 | D:8      | Found a shimmering altar of Xom.
  7528 | D:9      | Reached ***** piety under Trog
  7842 | D:9      | Got a clouded crystal amulet
  7843 | D:9      | Identified the amulet "Deocyod" {Regen+ Int+2 SInv} (You
                  | found it on level 9 of the Dungeon)
  8016 | D:9      | Reached skill level 11 in Long Blades
  8058 | D:9      | Found a flagged portal.
  8063 | Bailey   | Entered a bailey
  8334 | Bailey   | Found an iron altar of Okawaru.
  8334 | Bailey   | Noticed an orc high priest
  8339 | Bailey   | Noticed a sixfirhy
  8341 | Bailey   | Noticed a sun demon
  8354 | Bailey   | Slain by a sun demon

Illustrated notes

Levels and vault maps discovered:
D:1:      moated_graveyard_arrival, layout_rooms
D:2:      layout_basic, grunt_temple_overflow_growth_and_decay
D:3:      layout_loops_cross, lemuel_doored_altar,
          chequers_temple_overflow_statue_of_worship
D:4:      layout_basic, grunt_temple_overflow_lords_of_destruction,
          nicolae_overflow_crystal_walls, marbit_many_paths, first_ration,
          nrook_mini_backslash, uniq_natasha, uniq_edmund
D:5:      layout_loops_ring, serial_bayou_pond_a, dk_rats_in_the_wall,
          uniq_crazy_yiuf_cottage
D:6:      layout_gridville, minmay_temple_entry_stoned_glass,
          gammafunk_ghost_necromancy, chequers_serial_rivers_micro_d,
          grunt_tough_drop
D:7:      layout_cave_pools, lemuel_round_altar, gammafunk_ghost_hive,
          serial_shops, shop_coins
D:8:      layout_loops_corners, xom_butterflies, basic_altar
D:9:      layout_layer_cave, gammafunk_ghost_grave, enter_bailey_2
Bailey:   bailey_axe_of_yendor_kennysheep, bailey

Skill      XL: |  1  2  3  4  5  6  7  8  9 10 |
---------------+-------------------------------+-----
Long Blades    | 3 4 5 6 8 10 11 | 11.2
Fighting       | 3 4 5 6 7 8 |  8.2
Dodging        | |  2.4

Action                   |  1- 3 |  4- 6 |  7- 9 | 10-12 || total
-------------------------+-------+-------+-------+-------++-------
Melee: Falchion          |   151 |   145 |   403 |   188 ||   887
Invok: Berserk           |     1 |     4 |    13 |     4 ||    22
       Trog's Hand       |       |       |     3 |     3 ||     6
Evoke: Wand              |       |       |    19 |     5 ||    24
  Use: Scroll            |       |       |    11 |     4 ||    15
       Potion            |       |       |     1 |     2 ||     3
 Stab: Sleeping          |       |     3 |     2 |       ||     5
       Confused          |       |       |     2 |       ||     2
       Paralysed         |       |       |       |     4 ||     4
  Eat: Chunk             |    18 |    21 |    46 |    21 ||   106
Armor: Animal skin       |    46 |       |       |       ||    46
       Robe              |    34 |    48 |   182 |    70 ||   334
Dodge: Dodged            |   113 |    67 |   219 |    92 ||   491
       Rpst.: Falchion   |    29 |    28 |    78 |    27 ||   162
